General information
- name: BNet
- type: Ladder team game (AT/RT)
- host: Battle.net
- saver: StarlessNight
map: GolemsInTheMist
- players: 8
- length: 11:40
- speed: Fast
- version: 1.26 W3XP
- replay type: Public
» download(65 KB)
Players
team 1 (loser)
llSherLOCkll (
blue | 41 APM | 473 actions | 11:31)
2 Blood Mage
1 Flame Strike
1 Banish
» actions
| Basic commands | 54 | |
| Build / train | 39 | |
| Enter build submenu | 36 | |
| Enter hero's abilities submenu | 2 | |
| Right click | 140 | |
| Select / deselect | 154 | |
| Use ability | 48 | |
473 total
» units
| Peasant | 17 | |
| Rifleman | 8 | |
| Siege Engine | 2 | |
| Footman | 3 | |
30 total
» upgrades
» buildings
| Altar of Kings | 1 | |
| Farm | 12 | |
| Blacksmith | 1 | |
| Barracks | 4 | |
| Keep | 2 | |
| Lumber Mill | 2 | |
| Town Hall | 2 | |
| Castle | 2 | |
| Scout Tower | 2 | |
| Workshop | 2 | |
| Arcane Vault | 1 | |
| Guard Tower | 1 | |
32 total
» build order
01:02 Altar of Kings
01:27 Farm
01:36 Farm
01:54 Blacksmith
02:09 Barracks
02:12 Farm
02:35 Barracks
02:49 Farm
03:03 Farm
03:50 Farm
03:58 Keep
04:02 Barracks
04:05 Barracks
04:47 Farm
05:24 Farm
05:35 Keep
05:48 Farm
05:53 Lumber Mill
06:32 Town Hall
06:43 Farm
06:45 Farm
06:57 Castle
07:03 Scout Tower
08:05 Castle
08:10 Workshop
08:19 Workshop
08:21 Scout Tower
08:26 Arcane Vault
09:27 Guard Tower
09:56 Farm
10:16 Lumber Mill
10:49 Town Hall
DOG-EAT-WORLD. (
teal | 32 APM | 103 actions | 03:12)
1 Blood Mage
1 Flame Strike
» actions
| Assign group hotkey | 3 | |
| Build / train | 13 | |
| Enter build submenu | 6 | |
| Enter hero's abilities submenu | 1 | |
| Right click | 39 | |
| Select / deselect | 26 | |
| Select group hotkey | 7 | |
| Use ability | 8 | |
103 total
» units
» buildings
| Altar of Kings | 1 | |
| Farm | 3 | |
| Lumber Mill | 1 | |
| Scout Tower | 3 | |
| Arcane Tower | 1 | |
9 total
» build order
00:08 Altar of Kings
00:21 Farm
01:01 Farm
01:27 Farm
01:41 Lumber Mill
01:53 Scout Tower
01:55 Scout Tower
01:55 Scout Tower
02:38 Arcane Tower
makeunitspls (
orange | 55 APM | 640 actions | 11:35)
3 Death Knight
2 Death Coil
1 Unholy Aura
» actions
| Assign group hotkey | 17 | |
| Basic commands | 9 | |
| Build / train | 42 | |
| Enter build submenu | 10 | |
| Enter hero's abilities submenu | 3 | |
| Remove unit from queue | 1 | |
| Right click | 261 | |
| Select / deselect | 108 | |
| Select group hotkey | 154 | |
| Use ability | 35 | |
640 total
» units
| Acolyte | 7 | |
| Ghoul | 11 | |
| Gargoyle | 10 | |
28 total
» upgrades
| Creature Attack | 1 | |
| Creature Carapace | 1 | |
2 total
» buildings
| Graveyard | 1 | |
| Crypt | 2 | |
| Ziggurat | 3 | |
| Altar of Darkness | 1 | |
| Tomb of Relics | 1 | |
| Nerubian Tower | 1 | |
| Spirit Tower | 2 | |
| Halls of the Dead | 1 | |
12 total
» build order
00:12 Graveyard
00:22 Crypt
00:46 Ziggurat
00:58 Altar of Darkness
01:39 Ziggurat
01:45 Tomb of Relics
02:06 Nerubian Tower
03:53 Spirit Tower
06:06 Halls of the Dead
06:58 Ziggurat
07:23 Crypt
08:14 Spirit Tower
» items
| Rod of Necromancy | 1 | |
| Scroll of Regeneration | 1 | |
2 total
tumpas (
pink | 33 APM | 382 actions | 11:39)
2 Blood Mage
1 Flame Strike
1 Siphon Mana
» actions
| Build / train | 48 | |
| Enter build submenu | 21 | |
| Enter hero's abilities submenu | 2 | |
| Right click | 144 | |
| Select / deselect | 134 | |
| Use ability | 33 | |
382 total
» units
| Peasant | 21 | |
| Footman | 6 | |
| Gryphon Rider | 1 | |
28 total
» upgrades
| Swords | 3 | |
| Plating | 2 | |
| Storm Hammers | 1 | |
| Lumber Harvesting | 1 | |
| Masonry | 1 | |
8 total
» buildings
| Altar of Kings | 1 | |
| Farm | 6 | |
| Barracks | 1 | |
| Blacksmith | 1 | |
| Keep | 1 | |
| Arcane Vault | 1 | |
| Lumber Mill | 1 | |
| Scout Tower | 4 | |
| Arcane Tower | 1 | |
| Gryphon Aviary | 2 | |
| Town Hall | 1 | |
| Castle | 1 | |
| Guard Tower | 2 | |
23 total
» build order
00:10 Altar of Kings
00:23 Farm
00:35 Barracks
01:00 Farm
01:39 Farm
02:17 Blacksmith
03:21 Keep
03:49 Arcane Vault
04:05 Farm
04:36 Lumber Mill
04:45 Scout Tower
05:33 Arcane Tower
05:42 Farm
05:59 Gryphon Aviary
06:49 Town Hall
07:40 Castle
10:06 Gryphon Aviary
10:24 Scout Tower
10:44 Scout Tower
10:52 Guard Tower
11:03 Scout Tower
11:15 Guard Tower
11:18 Farm
» items
| Scroll of Regeneration | 2 | |
| Rod of Necromancy | 1 | |
| Potion of Healing | 1 | |
4 total
team 2 (winner)

»
chezit22 (
green | 32 APM | 374 actions | 11:40)
3 Far Seer
2 Feral Spirit
1 Chain Lighting
3 Blademaster
1 Wind Walk
2 Critical Strike
» actions
| Build / train | 29 | |
| Enter build submenu | 10 | |
| Enter hero's abilities submenu | 6 | |
| Right click | 176 | |
| Select / deselect | 117 | |
| Use ability | 35 | |
374 total
» units
» upgrades
| Envenomed Spears | 1 | |
| Armor | 1 | |
| Ranged Weapons | 2 | |
4 total
» buildings
| Altar of Storms | 1 | |
| Orc Burrow | 5 | |
| War Mill | 1 | |
| Stronghold | 3 | |
| Fortress | 1 | |
| Beastiary | 2 | |
| Voodoo Lounge | 1 | |
14 total
» build order
00:16 Altar of Storms
00:23 Orc Burrow
00:50 War Mill
02:10 Stronghold
02:10 Stronghold
02:46 Orc Burrow
04:32 Fortress
04:34 Beastiary
04:38 Beastiary
04:45 Voodoo Lounge
05:27 Orc Burrow
08:00 Orc Burrow
09:08 Orc Burrow
» items
| Healing Salve | 1 | |
| Scroll of Town Portal | 1 | |
2 total
StarlessNight (
red | 45 APM | 527 actions | 11:40)
4 Blademaster
2 Wind Walk
2 Critical Strike
» actions
| Assign group hotkey | 19 | |
| Basic commands | 10 | |
| Build / train | 37 | |
| Enter build submenu | 14 | |
| Enter hero's abilities submenu | 4 | |
| Give item / drop item | 3 | |
| Right click | 214 | |
| Select / deselect | 145 | |
| Select group hotkey | 45 | |
| Use ability | 36 | |
527 total
» units
| Peon | 8 | |
| Grunt | 4 | |
| Goblin Shredder | 1 | |
| Wind Rider | 6 | |
19 total
» upgrades
» buildings
| Orc Burrow | 4 | |
| Altar of Storms | 2 | |
| Barracks | 1 | |
| Voodoo Lounge | 1 | |
| Stronghold | 3 | |
| War Mill | 1 | |
| Beastiary | 2 | |
| Great Hall | 1 | |
| Watch Tower | 1 | |
16 total
» build order
00:12 Orc Burrow
01:02 Altar of Storms
01:04 Barracks
01:07 Altar of Storms
01:11 Orc Burrow
01:35 Voodoo Lounge
02:51 Stronghold
02:51 Stronghold
02:51 Stronghold
04:06 Orc Burrow
04:39 War Mill
04:42 Orc Burrow
05:29 Beastiary
05:30 Beastiary
06:52 Great Hall
07:52 Watch Tower
» items
| Healing Salve | 4 | |
| Scroll of Town Portal | 1 | |
| Lesser Clarity Potion | 1 | |
| Potion of Healing | 1 | |
7 total

»
Sswipes (
yellow | 53 APM | 621 actions | 11:39)
3 Demon Hunter
2 Evasion
1 Immolation
2 Keeper of the Grove
1 Entangling Roots
1 Thorns Aura
» actions
| Assign group hotkey | 11 | |
| Basic commands | 70 | |
| Build / train | 38 | |
| Enter build submenu | 16 | |
| Enter hero's abilities submenu | 5 | |
| Give item / drop item | 1 | |
| Remove unit from queue | 2 | |
| Right click | 170 | |
| Select / deselect | 124 | |
| Select group hotkey | 159 | |
| Use ability | 25 | |
621 total
» units
| Wisp | 17 | |
| Huntress | 5 | |
| Hippogryph | 3 | |
25 total
» upgrades
» buildings
| Moon Well | 4 | |
| Altar of Elders | 1 | |
| Hunter's Hall | 1 | |
| Ancient of War | 1 | |
| Ancient Protector | 2 | |
| Tree of Ages | 1 | |
| Ancient of Wonders | 1 | |
| Tree of Eternity | 1 | |
| Ancient of Wind | 1 | |
| Chimaera Roost | 1 | |
14 total
» build order
00:23 Moon Well
00:43 Altar of Elders
01:16 Hunter's Hall
01:25 Moon Well
02:07 Ancient of War
02:21 Moon Well
02:36 Ancient Protector
03:00 Ancient Protector
04:04 Tree of Ages
05:43 Ancient of Wonders
05:47 Moon Well
06:32 Tree of Eternity
06:37 Ancient of Wind
08:49 Tree of Eternity
11:14 Chimaera Roost
» items
I_Hustle (
purple | 41 APM | 484 actions | 11:39)
2 Blademaster
1 Wind Walk
1 Critical Strike
1 Shadow Hunter
1 Hex
» actions
| Build / train | 30 | |
| Enter build submenu | 14 | |
| Enter hero's abilities submenu | 3 | |
| Give item / drop item | 1 | |
| Remove unit from queue | 1 | |
| Right click | 211 | |
| Select / deselect | 179 | |
| Use ability | 45 | |
484 total
» units
| Peon | 7 | |
| Grunt | 3 | |
| Goblin Shredder | 1 | |
| Raider | 2 | |
13 total
» upgrades
| Pillage | 1 | |
| Ensnare | 1 | |
| Melee Weapons | 1 | |
| Shaman Training | 1 | |
4 total
» buildings
| Altar of Storms | 1 | |
| Orc Burrow | 4 | |
| Barracks | 1 | |
| War Mill | 1 | |
| Stronghold | 1 | |
| Watch Tower | 1 | |
| Voodoo Lounge | 1 | |
| Beastiary | 2 | |
| Spirit Lodge | 1 | |
| Fortress | 1 | |
14 total
» build order
00:20 Altar of Storms
00:25 Orc Burrow
00:56 Barracks
01:47 War Mill
02:01 Orc Burrow
03:14 Stronghold
03:31 Watch Tower
03:38 Voodoo Lounge
05:48 Beastiary
05:56 Beastiary
06:58 Orc Burrow
07:38 Orc Burrow
08:52 Spirit Lodge
10:22 Fortress
» items
| Healing Salve | 1 | |
| Scroll of Speed | 1 | |
| Potion of Healing | 1 | |
| Potion of Mana | 1 | |
4 total
Chat log
(01:17 / Allies) I_Hustle: unitrs heros plan'
(01:28 / Allies) StarlessNight: Speak English
(01:43 / Allies) I_Hustle: what units what heros what is thefucking plan
(01:55 / Allies) chezit22: they have pretty much all human
(02:05 / Allies) StarlessNight: You call that English? It certainly isn't the King's English, I know that for sure.
(02:18 / All) chezit22: there is no king dumbass
(02:22 / All) I_Hustle: fuck your kings english
(02:30 / All) chezit22: only a fag queen
(02:33 / Allies) StarlessNight: But there's a king's English and you don't speak it well.
(02:45 / All) DOG-EAT-WORLD.: wut is happening
(02:49 / All) I_Hustle: i dont care
(03:05 / All) I_Hustle: red is a elementry english teacher
(06:16 / Allies) I_Hustle: get item from shop and heal green
(06:29 / Allies) chezit22: ican heal myself
(06:40 / Allies) I_Hustle: ok
(06:59 / Allies) chezit22: we just gonna keep attacking?